 Dungeon Crawl Stone Soup version 0.23.2-1-ga50397a (webtiles) character file.

Game seed: 6406049071612583207

2324 Labyrinth the Skirmisher (level 9, -12/80 HPs)
             Began as a Minotaur Abyssal Knight on May 24, 2019.
             Was an Elder of Lugonu.
             Mangled by a red ugly thing (20 damage)
             ... on level 7 of the Dungeon.
             The game lasted 00:38:12 (5614 turns).

Labyrinth the Skirmisher (Minotaur Abyssal Knight)  Turns: 5614, Time: 00:38:15

Health: -12/80     AC: 10    Str: 21    XL:     9   Next: 19%
Magic:  8/9        EV:  9    Int: 10    God:    Lugonu [****..]
Gold:   262        SH:  0    Dex: 15    Spells: 8/8 levels left

rFire    . . .     SeeInvis .   L - +7 dagger "Teaf" {vamp, rC+ Dex+4}
rCold    + . .     Gourm    .   (no shield)
rNeg     . . .     Faith    .   q - +0 chain mail
rPois    .         Spirit   .   (helmet restricted)
rElec    .         Reflect  .   (no cloak)
rCorr    .         Harm     .   (no gloves)
MR       +....                  (no boots)
Stlth    ..........             (no amulet)
HPRegen  0.23/turn              x - ring of protection from magic
MPRegen  0.11/turn              R - +3 ring of strength

@: very slightly contaminated, invisible
A: retaliatory headbutt, horns 2
a: Depart the Abyss, Bend Space, Banish, Corrupt, Renounce Religion


You were on level 7 of the Dungeon.
You worshipped Lugonu.
Lugonu was greatly pleased with you.
You were not hungry.

You visited 1 branch of the dungeon, and saw 7 of its levels.
You visited the Abyss 1 time.

You collected 262 gold pieces.

Inventory:

Hand Weapons
 g - a +2 dagger of speed
 v - a +0 hunting sling
 z - a +0 flail of protection
 C - a +0 mace of venom
 H - a +1 falchion of holy wrath
 J - a +2 hand axe of electrocution
 K - a +0 shortbow
 L - the +7 dagger "Teaf" (weapon) {vamp, rC+ Dex+4}
   (You found it on level 5 of the Dungeon)

   It inflicts no extra harm, but heals its wielder when it wounds a living foe.
   It affects your dexterity (+4).
   It protects you from cold.
 M - a +2 quarterstaff of chaos
Missiles
 i - 12 poisoned needles
 j - 174 arrows
 m - 162 stones
 o - 5 curare-tipped needles
 s - 9 sling bullets
 E - 36 bolts
 Q - a silver tomahawk (quivered)
Armour
 b - a +0 leather armour
 q - a +0 chain mail (worn)
 u - a +0 leather armour
 B - a +0 ring mail
Magical Staves
 A - an uncursed staff of energy
Jewellery
 x - a ring of protection from magic (left hand)
 O - an uncursed ring of poison resistance
 R - a +3 ring of strength (right hand)
Wands
 a - a wand of paralysis (6)
 w - a wand of polymorph (15)
 F - a wand of scattershot (3)
 I - a wand of iceblast (8)
Scrolls
 f - a scroll of amnesia
 n - 4 scrolls of remove curse
 p - 2 scrolls of teleportation
 t - a scroll of magic mapping
 y - a scroll of fear {unknown}
Potions
 d - 4 potions of flight
 e - a potion of magic
 l - a potion of agility
 r - a potion of ambrosia {unknown}
 D - a potion of curing
 N - a potion of haste
Comestibles
 c - 10 rations
 P - a chunk of flesh


   Skills:
 + Level 7.7 Fighting
 + Level 4.6(5.4) Short Blades
 + Level 4.5(5.6) Long Blades
 + Level 0.8 Maces & Flails
 + Level 6.1(6.6) Slings
 + Level 3.3(4.9) Throwing
 + Level 7.1 Armour
 + Level 2.9 Dodging
 + Level 0.4 Stealth
 + Level 2.2 Invocations


You had 8 spell levels left.
You didn't know any spells.
Your spell library contained the following spells:

 Spells                   Type           Power        Failure   Level  Hunger
 Animate Skeleton         Necr           N/A          96%         1    ##.....
 Confusing Touch          Hex            #.....       96%         1    ##.....
 Pain                     Necr           #...         96%         1    ##.....
 Summon Small Mammal      Summ           #...         96%         1    ##.....
 Call Imp                 Summ           #.......     99%         2    ###....
 Call Canine Familiar     Summ           #.......     100%        3    ####...
 Confuse                  Hex            #.......     100%        3    ####...
 Gell's Gravitas          Tloc           #.........   100%        3    ####...
 Regeneration             Chrm/Necr      #.........   100%        3    ####...
 Summon Guardian Golem    Hex/Summ       #.......     100%        3    ####...
 Vampiric Draining        Necr           #.........   100%        3    ####...
 Animate Dead             Necr           N/A          100%        4    #####..
 Petrify                  Tmut/Erth      #.......     100%        4    #####..
 Summon Ice Beast         Ice/Summ       #.......     100%        4    #####..
 Summon Lightning Spire   Summ/Air       #.......     100%        4    #####..
 Metabolic Englaciation   Hex/Ice        #.........   100%        5    ######.
 Yara's Violent Unravell  Hex/Tmut       #.........   100%        5    ######.


Dungeon Overview and Level Annotations

Branches:
Dungeon (7/15)             Temple (0/1) D:4

Altars:

Shops:
D:4 [   D:7 =

Annotations:
D:7 1 transporter, goulibeur's ghost, novice DrBe


Innate Abilities, Weirdness & Mutations

You reflexively headbutt those who attack you in melee.
You have a pair of horns on your head.


Message History

The red ugly thing is moderately wounded.
The phantom barely misses you. You furiously retaliate!
You headbutt the phantom.
You strike the helpless red ugly thing from behind!
You puncture the red ugly thing!
You feel better.
Your headbutt misses the red ugly thing.
The red ugly thing is heavily wounded.
The red ugly thing tentacle-slaps you!
* * * LOW HITPOINT WARNING * * *
You are engulfed in flames!
* * * LOW HITPOINT WARNING * * *
The phantom closely misses you. You furiously retaliate!
You headbutt the phantom!
You feel better.
Goulibeur's ghost hits you but does no damage.
The crimson imp hits you but does no damage.
The red ugly thing tentacle-slaps you.
* * * LOW HITPOINT WARNING * * *
You are engulfed in flames!!
You die...

##.....##..# #..# .## #..# .
#.........####..##..# #.. ..
##................#..###..
..###.......#########.........
#..#.......##.......##........
#......##..#8..#?#..8#........
#......###.#..#...#..#........
......###..#?..Wu5...#......#
......##..©#(...@W...#©....#
.......#...#/........#.....#..
......^....#..#...#..#........
...........#8..#.#..8#...###.#
...........##......©##...##...
.......#....#########...##...
......###.....................
....### ##...####..........##.
.... ##...####.......###


You could see a red ugly thing, a phantom, goulibeur's ghost and a crimson imp.

Vanquished Creatures
  Grinder (D:4)
  Prince Ribbit (D:5)
  Sigmund (D:5)
  Edmund (D:4)
  Duvessa (D:4)
  3 ice beasts
  2 ogres
  2 centaurs
  A bullfrog (D:6)
  A gnoll sergeant (D:6)
  Dowan (D:4)
  2 scorpions
  A howler monkey (D:5)
  A hound (D:4)
  A gnoll shaman (D:5)
  2 orc priests (D:4)
  Crazy Yiuf (D:5)
  Ijyb (D:4)
  2 worker ants (D:5)
  A hound zombie (D:6)
  A worker ant zombie (D:5)
  Robin (D:2)
  12 gnolls
  8 adders
  A shadow imp (D:5)
  An ooze (D:1)
  2 adder skeletons
  3 dart slugs
  2 worms
  6 leopard geckos
  22 orcs
  A ball python (D:4)
  3 bats
  7 giant cockroaches
  19 goblins
  15 hobgoblins
  5 jackals (D:4)
  8 kobolds
  5 quokkas
  4 frilled lizards
  A leopard gecko skeleton (D:5)
  A quokka skeleton (D:6)
  5 rats
160 creatures vanquished.

Notes
Turn   | Place    | Note
-------+----------+-------------------------------------------
     0 | Abyss:1  | Labyrinth the Minotaur Abyssal Knight began the quest for
                  | the Orb.
     0 | Abyss:1  | Reached XP level 1. HP: 19/19 MP: 1/1
     1 | Abyss:1  | Found a corrupted altar of Lugonu.
   105 | Abyss:1  | Noticed a large abomination
   106 | D:1      | Escaped the Abyss
   121 | D:1      | Reached * piety under Lugonu
   180 | D:1      | Reached XP level 2. HP: 24/27 MP: 2/2
   582 | D:1      | Reached XP level 3. HP: 34/34 MP: 3/3
   954 | D:2      | Noticed an ogre
   966 | D:2      | Killed an ogre
   966 | D:2      | Reached skill level 5 in Fighting
   966 | D:2      | Reached skill level 1 in Short Blades
   966 | D:2      | Reached XP level 4. HP: 18/42 MP: 4/4
   998 | D:2      | Noticed Robin
  1011 | D:2      | Reached XP level 5. HP: 15/48 MP: 5/5
  1022 | D:2      | Killed Robin
  1022 | D:2      | Reached ** piety under Lugonu
  1022 | D:2      | Reached skill level 1 in Throwing
  1958 | D:3      | Reached *** piety under Lugonu
  2144 | D:4      | Reached skill level 1 in Slings
  2282 | D:4      | Reached XP level 6. HP: 48/56 MP: 6/6
  2399 | D:4      | Noticed Grinder
  2408 | D:4      | Paralysed by Grinder for 2 turns
  2430 | D:4      | Paralysed by Grinder for 2 turns
  2442 | D:4      | Killed Grinder
  2482 | D:4      | Found Vaotidawau's Armour Emporium.
  2554 | D:4      | Found a staircase to the Ecumenical Temple.
  2678 | D:4      | Noticed Duvessa
  2678 | D:4      | Noticed Dowan
  2704 | D:4      | Killed Duvessa
  2704 | D:4      | Reached XP level 7. HP: 29/63 MP: 7/7
  2720 | D:4      | Killed Dowan
  3309 | D:4      | Noticed Edmund
  3348 | D:4      | Killed Edmund
  3457 | D:4      | Noticed Ijyb
  3475 | D:4      | Killed Ijyb
  3763 | D:5      | Entered Level 5 of the Dungeon
  3809 | D:5      | Reached skill level 5 in Armour
  4030 | D:5      | Reached XP level 8. HP: 63/71 MP: 8/8
  4060 | D:5      | Reached skill level 5 in Slings
  4161 | D:5      | Reached **** piety under Lugonu
  4226 | D:5      | Got a crystal dagger
  4324 | D:5      | Identified the +7 dagger "Teaf" {vamp, rC+ Dex+4} (You
                  | found it on level 5 of the Dungeon)
  4352 | D:5      | Noticed Prince Ribbit
  4415 | D:5      | Noticed Sigmund
  4437 | D:5      | Killed Sigmund
  4557 | D:5      | Found a runed translucent door.
  4558 | D:5      | Noticed Crazy Yiuf
  4565 | D:5      | Killed Crazy Yiuf
  4602 | D:5      | Killed Prince Ribbit
  5000 | D:6      | Reached XP level 9. HP: 79/79 MP: 9/9
  5470 | D:7      | Found Zuw Acett's Jewellery Shoppe.
  5551 | D:7      | Noticed a red ugly thing
  5562 | D:7      | Noticed goulibeur's ghost (novice DrBe)
  5573 | D:7      | Found a transporter.
  5587 | D:7      | Found a transporter.
  5613 | D:7      | HP: 4/80 [red ugly thing (12)]
  5614 | D:7      | Mangled by a red ugly thing

Skill      XL: |  1  2  3  4  5  6  7  8  9 |
---------------+----------------------------+-----
Fighting       | 4 5 6 7 |  7.7
Armour         | 3 4 5 6 7 |  7.1
Invocations    | 2 |  2.2
Short Blades   | 1 2 3 4 |  4.6
Throwing       | 1 2 3 |  3.3
Slings         | 1 3 4 6 |  6.1
Long Blades    | 3 4 |  4.5
Dodging        | 2 |  2.9
Maces & Flails | |  0.8
Stealth        | |  0.4

Action                   |  1- 3 |  4- 6 |  7- 9 || total
-------------------------+-------+-------+-------++-------
Melee: Dagger            |    77 |   114 |   188 ||   379
       Falchion          |     5 |    42 |    73 ||   120
       Headbutt          |    13 |    25 |    54 ||    92
       Flail             |       |       |    10 ||    10
       Hand axe          |       |       |     4 ||     4
 Fire: Hunting sling     |       |    74 |    67 ||   141
Throw: Stone             |    24 |    25 |    20 ||    69
       Tomahawk          |       |       |    22 ||    22
Invok: Depart the Abyss  |     1 |       |       ||     1
       Bend Space        |       |       |     1 ||     1
Evoke: Wand              |       |       |     1 ||     1
  Use: Scroll            |     1 |     6 |     4 ||    11
       Potion            |       |     2 |     6 ||     8
 Stab: Invisible         |       |       |     1 ||     1
  Eat: Chunk             |       |     6 |     7 ||    13
       Ration            |       |       |     2 ||     2
Armor: Leather armour    |     7 |       |       ||     7
       Chain mail        |    19 |    66 |   116 ||   201
Dodge: Dodged            |    25 |    42 |    95 ||   162
       Rpst.: Falchion   |     1 |     6 |     1 ||     8
